 Dungeon Crawl Stone Soup version 0.23.1 (webtiles) character file.

Game seed: 9776198233381709995

0 Monsterracer the Chopper (level 1, -1/16 HPs)
             Began as a Demonspawn Gladiator on Mar 10, 2019.
             Slain by a leopard gecko (5 damage)
             ... on level 1 of the Dungeon.
             The game lasted 00:00:16 (93 turns).

Monsterracer the Chopper (Demonspawn Gladiator)       Turns: 93, Time: 00:00:17

Health: -1/16      AC:  4    Str: 14    XL:     1   Next: 8%
Magic:  1/1        EV: 12    Int:  9    God:
Gold:   16         SH:  0    Dex: 14    Spells: 0/0 levels left

rFire    . . .     SeeInvis .   a - +0 war axe
rCold    . . .     Gourm    .   (no shield)
rNeg     . . .     Faith    .   b - +0 leather armour
rPois    .         Spirit   .   f - +0 helmet
rElec    .         Reflect  .   (no cloak)
rCorr    .         Harm     .   (no gloves)
MR       .....                  (no boots)
Stlth    +.........             (no amulet)
HPRegen  0.05/turn              (no ring)
MPRegen  0.07/turn              (no ring)

@: no status effects
A: no striking features
a: no special abilities


You were on level 1 of the Dungeon.
You were not hungry.

You visited 1 branch of the dungeon, and saw 1 of its levels.

You collected 16 gold pieces.


   Skills:
 + Level 2.0 Fighting
 + Level 2.7 Axes
 - Level 1.7 Throwing
 - Level 2.6 Dodging


You couldn't memorise any spells.
You didn't know any spells.
Your spell library was empty.

Inventory:

Hand Weapons
 a - a +0 war axe (weapon)
Missiles
 d - 3 throwing nets (quivered) {!f}
Armour
 b - a +0 leather armour (worn)
 f - a +0 helmet (worn)
Scrolls
 e - a scroll of enchant armour {unknown}
Comestibles
 c - a ration

Dungeon Overview and Level Annotations

Branches:
Dungeon (1/15)

Altars:

#..# #..##.≈≈.<.§§.#
#..# #..##.§≈...§≈§#
#..# #...#..≈≈.≈§..# .
#..####..##.......##..
#...# #...#########...
###...# ##....#####....#
.....K## ##...........#
.......## ###.......#
........########@####
...........#####l#####(
............K.†.K.......
.....................###
......#####((...........
....#.# #.########..##
......# #.# .># ....##
#.# ## .. #.#


You could see a leopard gecko and a kobold.


Message History

c - a ration;
f - a +0 helmet (worn)
Welcome, Monsterracer the Demonspawn Gladiator.
The bosom of this dungeon contains the fabled artefact, the Orb of Zot.
Press ? for a list of commands and other information.
Found a scroll labeled ZITEET FATE and 10 gold pieces.
Found a staircase leading out of the dungeon.
e - a scroll labeled ZITEET FATE You now have 10 gold pieces.
You open the door.
There is an open door here.
You now have 16 gold pieces (gained 6).
You open the door.
A rat comes into view.
The rat moves out of view.
Found a stone staircase leading down.
The rat is too close now for your liking.
There is an open door here.
Found 20 stones.
A rat is nearby!
You barely miss the rat. The rat closely misses you. The rat bites you.
You take 1 damage, and have 15/16 hp.
You closely miss the rat. The rat barely misses you.
You barely miss the rat. The rat bites you but does no damage.
The rat barely misses you.
A rat is nearby!
You slash the rat!
You kill the rat!
No target in view!
HP restored.
A leopard gecko comes into view.
Found an embroidered robe.
Health restored: 16 A leopard gecko is nearby!
A kobold comes into view. It is wielding a +0 short sword.
The kobold shouts!
The leopard gecko hisses angrily.
The leopard gecko bites you but does no damage.
You closely miss the leopard gecko. The leopard gecko barely misses you.
The leopard gecko bites you.
You take 3 damage, and have 13/16 hp.
You hit the kobold.
The kobold is severely wounded.
You closely miss the leopard gecko.
The kobold hits you with a +0 short sword.
The leopard gecko closely misses you.
The kobold hits you with a +0 short sword.
* * * LOW HITPOINT WARNING * * *
The leopard gecko misses you.
You take 7 damage, and have 6/16 hp.
MASSIVE DAMAGE!!
The kobold throws a stone.
The stone closely misses you.
The kobold throws a stone.
The stone barely misses you.
The leopard gecko completely misses you.
The kobold throws a stone.
The stone completely misses you. The leopard gecko barely misses you.
You see here a rat corpse.
The leopard gecko hisses menacingly.
The leopard gecko closely misses you.
There is an open door here.
You barely miss the leopard gecko.
The leopard gecko bites you but does no damage.
The leopard gecko bites you.
* * * LOW HITPOINT WARNING * * *
You take 3 damage, and have 4/16 hp.
You closely miss the leopard gecko.
The leopard gecko bites you but does no damage.
Unknown command.
You closely miss the leopard gecko. The leopard gecko misses you.
The leopard gecko bites you but does no damage.
You hit the leopard gecko but do no damage.
The leopard gecko bites you.
You die...

Action                   || total
-------------------------++-------
Melee: War axe           ||    10
Armor: Leather armour    ||     5
Dodge: Dodged            ||    13

Levels and vault maps discovered:
D:1:      dpeg_arrival_concentric_ovals, layout_basic

Notes
Turn   | Place    | Note
-------+----------+-------------------------------------------
     0 | D:1      | Monsterracer the Demonspawn Gladiator began the quest for
                  | the Orb.
     0 | D:1      | Reached XP level 1. HP: 16/16 MP: 1/1
    75 | D:1      | HP: 6/16 [kobold/+0 short sword (5)]
    90 | D:1      | HP: 4/16 [leopard gecko (3)]
    93 | D:1      | Slain by a leopard gecko

Vanquished Creatures
  A rat (D:1)
1 creature vanquished.

Table legend:
 A = Turns spent in this place as a percentage of turns spent in the entire game.
 B = Non-inter-level travel turns spent in this place as a percentage of non-inter-level travel turns spent in the entire game.
 C = Inter-level travel turns spent in this place as a percentage of turns spent in this place.
 D = Turns resting spent in this place as a percentage of non-inter-level travel turns spent in this place.
 E = Turns spent auto-exploring this place as a percentage of non-inter-level travel turns spent in this place.
 F = Non-inter-level travel turns spent in this place divided by the number of levels of this place that you've seen.
                   A       B       C       D       E      F
               +-------+-------+-------+-------+-------+----------------------
         Total | 100.0 | 100.0 |   0.0 |   0.0 |  67.7 |  93.0
       Dungeon | 100.0 | 100.0 |   0.0 |   0.0 |  67.7 |  93.0
               +-------+-------+-------+-------+-------+----------------------

Table legend:
 A = Non-vault XP
 B = Vault XP
 C = Vault XP percentage of total XP
 D = Non-vault monster count
 E = Vault monster count
 F = Vault count percentage of total count
                 A         B        C        D         E       F
            +---------+---------+-------+---------+---------+-------
      Total |       1 |       0 |   0.0 |       1 |       0 |   0.0
            +---------+---------+-------+---------+---------+-------
        D:1 |       1 |       0 |   0.0 |       1 |       0 |   0.0
            +---------+---------+-------+---------+---------+-------
